 Dungeon Crawl Stone Soup version 0.30.1-3-gfc49f6343a (webtiles) character file.

Game seed: 11761151995084587563

55 shmup the Firebug (level 3, -1/19 HPs)
             Began as a Tengu Fire Elementalist on Aug 5, 2023.
             Slain by Grinder (3 damage)
             ... while paralysed by Grinder
             ... on level 3 of the Dungeon.
             The game lasted 00:06:27 (2159 turns).

shmup the Firebug (Tengu Fire Elementalist)         Turns: 2159, Time: 00:06:27

Health: -1/19      AC:  5    Str:  8    XL:     3   Next: 93%
Magic:  6/7        EV:  2    Int: 17    God:
Gold:   203        SH:  0    Dex: 14    Spells: 3/6 levels left

rFire   . . .        (no weapon)
rCold   . . .        (no shield)
rNeg    . . .        a - +0 robe
rPois   .            (helmet restricted)
rElec   .            d - +2 cloak
rCorr   .            (no gloves)
SInv    .            (boots unavailable)
Will    .....        h - amulet of regeneration
Stlth   ++           (no ring)
HPRegen 1.03/turn    (no ring)
MPRegen 0.10/turn

%: no passive effects
@: paralysed
A: beak, talons 3
a: no special abilities


You were on level 3 of the Dungeon.
You visited 1 branch of the dungeon, and saw 3 of its levels.

You collected 203 gold pieces.

Inventory:

Hand Weapons
 l - a +0 dagger
Missiles
 e - 27 stones (quivered)
 i - 4 atropa-tipped darts
Armour
 a - a +0 robe (worn)
 d - a +2 cloak (worn)
Jewellery
 h - an amulet of regeneration (around neck)
Scrolls
 f - 2 scrolls of identify {unknown}
 j - a scroll of immolation {unknown}
Potions
 c - 2 potions of ambrosia {unknown}
 g - 2 potions of lignification {unknown}
 k - a potion of flight {unknown}
 m - a potion of haste {unknown}


   Skills:
 - Level 2.1 Dodging
 - Level 2.0 Stealth
 - Level 2.0 Spellcasting
 + Level 2.8 Conjurations
 * Level 4.7 Fire Magic


You had 3 spell levels left.
You knew the following spells:

 Your Spells              Type           Power      Damage    Failure   Level
a - Foxfire               Conj/Fire      56%        2x1d6     4%          1
b - Scorch                Fire           34%        2d6       4%          2

Your spell library contained the following spells:

 Spells                   Type           Power      Damage    Failure   Level
 Inner Flame              Hex/Fire       9%         N/A       22%         3
 Volatile Blastmotes      Fire/Tloc      18%        2d11      22%         3
 Flame Wave               Conj/Fire      14%        2d6       38%         4


Dungeon Overview and Level Annotations

Branches:
Dungeon (3/15) Zot: 15839

Altars:
Elyvilon

Annotations:
D:2 Sigmund
D:3 1 runed translucent door, Crazy Yiuf, Grinder


Innate Abilities, Weirdness & Mutations

You have a beak for a mouth.
You have claws for feet.


Message History

Grinder blinks!
There is an open door here.
There's nothing to close nearby.
You close the door.
You start resting.
Magic restored.
Grinder shouts!
Casting: Scorch (safe; 4% risk of failure)
Confirm with . or Enter, or press ? or * to list all spells.
Flames lash Grinder.
Grinder is lightly wounded.
Grinder's fire resistance burns away.
Casting: Scorch (safe; 4% risk of failure)
Confirm with . or Enter, or press ? or * to list all spells.
Flames lash Grinder.
Grinder is burned terribly!
Grinder is heavily wounded.
Grinder gestures at you.
You suddenly lose the ability to move!
Grinder gestures at you.
You barely resist.
You can move again.
Casting: Scorch (safe; 4% risk of failure)
Confirm with . or Enter, or press ? or * to list all spells.
Flames lash Grinder.
Grinder is burned terribly!
Grinder is severely wounded.
Grinder blinks!
Unknown command.
Magic courses through your body.
Casting: Scorch (safe; 4% risk of failure)
Confirm with . or Enter, or press ? or * to list all spells.
Flames lash Grinder.
Grinder is severely wounded.
Grinder gestures at you.
You suddenly lose the ability to move!
Grinder hits you.
You writhe in agony.
* * * LOW HITPOINT WARNING * * *
Grinder hits you!
* * * LOW HITPOINT WARNING * * *
You writhe in agony.
You die...

▒▒▒▒▒▒▒▒▒▒▒.▒
▒........▒▒.▒
▒........▒▒.▒▒▒▒▒
▒........▒▒.▒...▒
▒........▒▒.▒.▒.▒
▒....%...+..▒.▒.▒
▒........▒▒▒▒.▒.▒
▒...>.......▒.▒.▒
▒.........▒Q▒.▒.▒
▒▒...##....▒5▒.▒.▒
▒▒.......#..▒.▒.▒.▒
▒.....#~~%....▒.▒.▒
▒.....#~#.....▒.▒.▒
▒▒.....#.#....#..▒.▒
▒▒..~....#.....#..▒.▒▒
▒▒..~~.........#~~....▒
▒............)........▒


You could see Grinder (combustible).

Vanquished Creatures
  2 adders (D:3)
  4 ball pythons
  6 endoplasms
  A giant cockroach (D:1)
  A goblin (D:1)
  4 hobgoblins
  A jackal (D:2)
  3 kobolds
  2 quokkas (D:2)
  5 bats
  4 frilled lizards
  2 rats
35 creatures vanquished.

Vanquished Creatures (others)
  82 foxfires
82 creatures vanquished.

Grand Total: 117 creatures vanquished

Notes
Turn   | Place    | Note
-------+----------+-------------------------------------------
     0 | D:1      | shmup the Tengu Fire Elementalist began the quest for the
                  | Orb.
     0 | D:1      | Reached XP level 1. HP: 10/10 MP: 4/4
   172 | D:1      | Reached XP level 2. HP: 15/15 MP: 4/6
   625 | D:1      | Learned a level 2 spell: Scorch
   749 | D:1      | Reached skill level 4 in Fire Magic
  1117 | D:2      | Noticed Sigmund
  1197 | D:2      | Found a white marble altar of Elyvilon.
  1361 | D:2      | Reached XP level 3. HP: 19/19 MP: 4/7
  2005 | D:3      | Found a runed translucent door.
  2006 | D:3      | Noticed Crazy Yiuf
  2090 | D:3      | Noticed Grinder
  2148 | D:3      | Paralysed by Grinder for 3 turns
  2155 | D:3      | Paralysed by Grinder for 5 turns
  2159 | D:3      | Slain by Grinder

Illustrated notes

Levels and vault maps discovered:
D:1:      lightli_iron_boxes, layout_basic
D:2:      cheibrodos_old_hovel, layout_rooms, basic_altar, uniq_sigmund
D:3:      layout_basic, vehumet_crystals, hellmonk_ecumenical_altar_dog_temple,
          kennysheep_decorative_pillar, uniq_crazy_yiuf_cottage, uniq_grinder

Skill      XL: |  1  2 |
---------------+-------+-----
Conjurations   | 2 |  2.8
Fire Magic     | 4 |  4.7
Dodging        | |  2.1
Stealth        | |  2.0
Spellcasting   | |  2.0

Action                     || total
---------------------------++-------
  Melee: Unarmed           ||     1
         Kick              ||     1
   Cast: Foxfire           ||    46
         Scorch            ||     7
    Use: Potion            ||     1
 Armour: Robe              ||     6
  Dodge: Dodged            ||    13
